 Dungeon Crawl Stone Soup version 0.25-a0-842-g81a31cfd23 (webtiles) character file.

Game seed: 4565960070548415370, levelgen mode: deterministic

31846 sanka the Frost Mage (level 13, -2/108 HPs)
             Began as a Barachi Ice Elementalist on Apr 23, 2020.
             Was a High Priest of Vehumet.
             Slain by a sea snake (14 damage)
             ... on level 6 of the Lair of Beasts on Apr 24, 2020.
             The game lasted 00:45:16 (17507 turns).

sanka the Frost Mage (Barachi Ice Elementalist)    Turns: 17507, Time: 00:45:18

Health: -2/108     AC: 17    Str: 11    XL:     13   Next: 60%
Magic:  8/25       EV: 18    Int: 26    God:    Vehumet [*****.]
Gold:   835        SH:  0    Dex: 12    Spells: 13/28 levels left

rFire    . . .     SeeInvis +   a - +7 lajatang (flame)
rCold    . . .     Gourm    .   (shield currently unavailable)
rNeg     . . .     Faith    .   C - +1 leather armour of the Hart {Regen+ Str+2 Int+4}
rPois    .         Spirit   .   V - +0 helmet
rElec    .         Reflect  .   N - +0 cloak {MR+}
rCorr    .         Harm     .   M - +0 pair of gloves
MR       ++...                  l - +1 pair of boots {Stlth+}
Stlth    +++.......             n - amulet of the acrobat
HPRegen  0.68/turn              b - ring of protection from magic
MPRegen  0.19/turn              R - ring of see invisible

@: icy armour, frozen ramparts, mesmerised, slow
A: +LOS, swims, slowness 1, strong legs 2
a: Hop, Renounce Religion


You were on level 6 of the Lair of Beasts.
You worshipped Vehumet.
Vehumet was extremely pleased with you.
You were not hungry.

You visited 4 branches of the dungeon, and saw 18 of its levels.

You collected 1111 gold pieces.
You spent 276 gold pieces at shops.


Innate Abilities, Weirdness & Mutations

You can be seen from farther away. (+LOS)
You can swim through water.
You cover ground slowly.
You can hop long distances.


   Skills:
 - Level 12.0 Fighting
 + Level 10.8 Staves
 - Level 12.0 Dodging
 - Level 1.7 Stealth
 - Level 8.0 Spellcasting
 - Level 6.0 Conjurations
 - Level 4.0 Summonings
 - Level 13.0 Ice Magic


You had 13 spell levels left.
You knew the following spells:

 Your Spells              Type           Power        Failure   Level  Hunger
a - Ozocubu's Armour      Chrm/Ice       #####...     1%          3    None
u - Hailstorm             Conj/Ice       ######..     1%          4    ##.....
x - Summon Ice Beast      Ice/Summ       ######..     2%          4    ##.....
y - Frozen Ramparts       Ice            ######       1%          3    None
z - Freeze                Ice            ####         1%          1    None

Your spell library contained the following spells:

 Spells                   Type           Power        Failure   Level  Hunger
 Bolt of Magma            Conj/Fire/Erth ###.......   22%         5    ####...
 Shock                    Conj/Air       ####         1%          1    None
 Summon Butterflies       Summ           ####....     1%          1    None
 Summon Small Mammal      Summ           ####         1%          1    None
 Static Discharge         Conj/Air       ####....     1%          3    None
 Mephitic Cloud           Conj/Pois/Air  ###.....     2%          3    None
 Ice Form                 Ice/Tmut       #####...     4%          4    ##.....
 Ignite Poison            Fire/Tmut/Pois ##......     6%          3    None
 Animate Skeleton         Necr           N/A          8%          1    None
 Apportation              Tloc           ##....       8%          1    None
 Beastly Appendage        Tmut           ##....       8%          1    None
 Corona                   Hex            ##.....      8%          1    None
 Sting                    Tmut/Pois      ##..         8%          1    None
 Poisonous Vapours        Pois/Air       ##....       11%         2    None
 Sticks to Snakes         Tmut           ##......     11%         2    None
 Swiftness                Chrm/Air       ##......     11%         2    None
 Lightning Bolt           Conj/Air       ####......   16%         5    ####...
 Airstrike                Air            ##........   19%         4    ##.....
 Olgreb's Toxic Radiance  Pois           ##......     19%         4    ##.....
 Lesser Beckoning         Tloc           ##........   22%         3    None
 Spider Form              Tmut/Pois      ##........   22%         3    None
 Tukima's Dance           Hex            ##......     22%         3    None
 Alistair's Intoxication  Tmut/Pois      ##......     90%         5    ####...
 Blade Hands              Tmut           ##........   90%         5    ####...
 Invisibility             Hex            ##......     100%        6    ######.

Inventory:

Hand Weapons
 a - a +7 lajatang of flaming (weapon)
Missiles
 e - 123 sling bullets
 h - 466 stones (quivered)
 i - 15 curare-tipped darts {=f}
 v - 3 throwing nets {=f}
Armour
 l - a +1 pair of boots of stealth (worn)
 m - a +0 robe of fire resistance
 r - a scarf of cloud immunity
 C - the +1 leather armour of the Hart (worn) {Regen+ Str+2 Int+4}

   It affects your strength (+2).
   It affects your intelligence (+4).
   It increases your rate of regeneration.
 M - a +0 pair of gloves (worn)
 N - a +0 cloak of magic resistance (worn)
 V - a +0 helmet (worn)
Magical Staves
 S - an uncursed staff of wizardry {!a}
Jewellery
 b - a ring of protection from magic (left hand)
 j - an uncursed ring of ice
 n - an amulet of the acrobat (around neck)
 R - a ring of see invisible (right hand)
Wands
 f - a wand of disintegration (26)
 p - a wand of digging (8)
 y - a wand of enslavement (17)
 F - a wand of random effects (24)
 G - a wand of iceblast (13)
 O - a wand of scattershot (5)
 Q - a wand of polymorph (16)
 W - a wand of flame (22)
Scrolls
 d - 3 scrolls of identify {@r1}
 g - a scroll of holy word
 k - 9 scrolls of remove curse
 q - a scroll of enchant armour
 s - 3 scrolls of immolation {!r}
 u - 9 scrolls of teleportation {@r4}
 x - 3 scrolls of fog
 B - 4 scrolls of magic mapping
 J - 4 scrolls of amnesia
 P - 5 scrolls of fear
 T - 3 scrolls of blinking
 Z - 2 scrolls of summoning
Potions
 o - 8 potions of curing {@q1}
 t - 6 potions of flight
 z - 4 potions of heal wounds {@q2}
 A - 3 potions of lignification {!q}
 D - 3 potions of might
 E - a potion of mutation {!q}
 H - a potion of resistance {unknown}
 I - 2 potions of stabbing
 K - a potion of magic
 L - a potion of invisibility
 Y - a potion of haste {@q3}
Comestibles
 c - 36 rations
 w - 5 chunks of flesh

Dungeon Overview and Level Annotations

Branches:
Dungeon (10/15)            Temple (1/1) D:6            Lair (6/6) D:10
  Swamp (0/4) Lair:3       Spider (0/4) Lair:4        Slime (1/5) Lair:5
    Orc: D:9-12

Altars:
Ashenzari
Cheibriados
Dithmenos
Elyvilon
Fedhas
Gozag
Hepliaklqana
Kikubaaqudgha
Makhleb
Nemelex Xobeh
Okawaru
Qazlal
Ru
Sif Muna
Trog
Uskayaw
Vehumet
Wu Jian
Xom
Yredelemnul
Zin
The Shining One
Jiyva

Shops:
D:4 !   D:7 [   D:9 (

Annotations:
D:6 4 runed translucent doors, SatoMori's ghost, novice HOMo
Lair:3 exclusion: 4 oklob plants

≈≈≈≈≈ ≈▒≈≈≈. ≈.≈▒..▒
≈≈≈▒≈.▒..▒ ≈8≈≈≈≈≈..▒▒▒
≈≈≈.≈≈≈≈≈≈..▒.▒▒
≈h≈≈H.≈ ▒≈..▒▒.▒▒
▒≈P≈H≈▒▒..YSFYf▒
▒≈≈≈▒P≈≈l..llh▒▒
▒≈≈≈≈≈≈≈m..lh.Y▒
≈≈.≈▒▒.......▒
▒▒▒▒▒▒▒≈.▒......▒▒▒▒▒▒.
≈≈≈≈≈≈P≈≈†≈......▒.....
≈≈≈≈≈≈≈≈≈≈.≈▒▒........£
▒▒≈≈.▒≈≈▒▒†P▒..........
▒≈≈▒▒≈≈▒▒P.......▒▒▒▒.


You could see a merfolk avatar, an elephant, a sea snake, a wind drake, 2 polar
bears, 2 komodo dragons, a wyvern and 2 friendly ice beasts.


Message History

You are lethally poisoned!
The sea snake poisons you! The wyvern barely misses you.
The wind drake flaps its wings at you. The air twists around and strikes you.
* * * LOW HITPOINT WARNING * * *
The komodo dragon completely misses you.
Your ice beast closely misses the polar bear.
Your ice beast hits the polar bear.
Your ice beast freezes the polar bear.
The polar bear resists.
The polar bear resists.
The wall freezes the polar bear.
The polar bear goes berserk!
Unknown command.
The wyvern bites you.
* * * LOW HITPOINT WARNING * * *
The merfolk avatar chants its luring song.
The wall freezes the elephant.
The wind drake flaps its wings at you. The air twists around and strikes you!
* * * LOW HITPOINT WARNING * * *
The polar bear completely resists.
The wall freezes the polar bear but do no damage.
The polar bear misses you. The polar bear completely misses you.
The polar bear completely misses you.
The wall freezes the sea snake!
The sea snake bites you!
You die...

Action                   |  1- 3 |  4- 6 |  7- 9 | 10-12 | 13-15 || total
-------------------------+-------+-------+-------+-------+-------++-------
Melee: Unarmed           |    30 |       |       |       |       ||    30
       Short sword       |    14 |       |       |       |       ||    14
       War axe           |     9 |     6 |       |       |       ||    15
       Morningstar       |       |    46 |    48 |    11 |       ||   105
       Quarterstaff      |       |       |    17 |    13 |       ||    30
       Lajatang          |       |       |       |   115 |    94 ||   209
 Cast: Freeze            |    44 |    69 |    97 |   215 |    43 ||   468
       Frozen Ramparts   |       |     6 |    22 |    41 |    11 ||    80
       Ozocubu's Armour  |       |     3 |    11 |    37 |    10 ||    61
       Summon Ice Beast  |       |       |    10 |    21 |     2 ||    33
       Hailstorm         |       |       |       |     6 |     2 ||     8
 Abil: Hop               |     1 |       |     2 |       |       ||     3
  Use: Scroll            |       |       |    15 |    18 |       ||    33
       Potion            |       |       |     1 |       |     2 ||     3
 Stab: Sleeping          |     3 |     2 |       |     1 |       ||     6
  Eat: Chunk             |     4 |    10 |    12 |    21 |     4 ||    51
       Ration            |       |     1 |     2 |     1 |       ||     4
Armor: Robe              |    15 |    17 |       |       |       ||    32
       Leather armour    |       |       |    60 |   118 |    50 ||   228
Dodge: Dodged            |    56 |   105 |   166 |   355 |   186 ||   868

Levels and vault maps discovered:
D:1:      lemuel_arrival_hallway, layout_basic
D:2:      minmay_general_purpose_star, layout_basic, lemuel_crystal_altar,
          minmay_split_cup_large
D:3:      layout_loops_ring, cheibrodos_ashenzari_chains, minmay_quantized
D:4:      layout_gridville, kennysheep_mini, lemuel_doored_altar, serial_shops,
          shop
D:5:      layout_basic, kennysheep_mini_moat, overflow_temple_1_default,
          first_ration, minmay_misc_feat_alley
D:6:      layout_basic, minmay_temple_entry_gardened_gates,
          gammafunk_ghost_split, lemuel_angel_altar, uniq_crazy_yiuf_cottage,
          uniq_maggie
D:7:      layout_basic, lemuel_crystal_altar, serial_shops, shop,
          grunt_ogre_cave, zaba_anthole
D:8:      layout_layer_cave
D:9:      layout_basic, eat_drink_and_be_merry_uskayaw, marbit_many_paths,
          serial_shops, nicolae_shop_trees, hangedman_decor_slide_cut
D:10:     layout_irregular_city, lair_entry_dummy, uniq_psyche
Temple:   nicolae_temple_figure_eight
Lair:1:   layout_misc_corridors, minmay_holes, st_stairs_9, grunt_megastairs_2
Lair:2:   layout_regular_city, worms_lemuel, lemuel_fruit_fields, uniq_erica
Lair:3:   layout_regular_city, minmay_swamp_entry_swarm,
          minmay_lair_oklob_chamber
Lair:4:   layout_loops_ring, nicolae_spider_entry_orb_guardian, special_room
          [special_room_mythical_zoo], serial_bayou_shore_b, grunt_megastairs_4
Lair:5:   layout_long_grid, slime_altar_1, uniq_nessos
Lair:6:   gammafunk_lair_ancient_temple, layout_concentric_octagons,
          lemuel_fruit_tree
Slime:1:  layout_caves

Notes
Turn   | Place    | Note
-------+----------+-------------------------------------------
     0 | D:1      | sanka the Barachi Ice Elementalist began the quest for the
                  | Orb.
     0 | D:1      | Reached XP level 1. HP: 13/13 MP: 3/3
    79 | D:1      | Reached XP level 2. HP: 6/19 MP: 0/5
    91 | D:1      | HP: 1/19 [kobold (4)]
   107 | D:1      | Reached skill level 3 in Spellcasting
   898 | D:1      | Reached XP level 3. HP: 23/24 MP: 6/8
  1284 | D:2      | Learned a level 3 spell: Frozen Ramparts
  1288 | D:2      | Learned a level 3 spell: Ozocubu's Armour
  1340 | D:2      | Reached skill level 5 in Ice Magic
  1763 | D:2      | Found a hazy altar of Hepliaklqana.
  2113 | D:2      | Reached XP level 4. HP: 30/30 MP: 9/9
  2894 | D:3      | Reached skill level 4 in Spellcasting
  2900 | D:3      | Reached skill level 6 in Ice Magic
  3144 | D:3      | Reached XP level 5. HP: 20/35 MP: 5/11
  3281 | D:3      | Learned a level 4 spell: Summon Ice Beast
  3296 | D:3      | Found a shattered altar of Ashenzari.
  3587 | D:3      | Reached skill level 1 in Summonings
  4115 | D:4      | Found a glowing golden altar of the Shining One.
  4187 | D:4      | Reached skill level 2 in Summonings
  4187 | D:4      | Reached skill level 7 in Ice Magic
  4187 | D:4      | Reached XP level 6. HP: 22/41 MP: 8/12
  4720 | D:4      | Found Canex's Distillery.
  4730 | D:4      | Bought a potion of curing for 36 gold pieces
  4767 | D:4      | Found a stormy altar of Qazlal.
  5076 | D:4      | Bought a potion of might for 48 gold pieces
  5076 | D:4      | Bought a potion of flight for 36 gold pieces
  5076 | D:4      | Bought a potion of mutation for 96 gold pieces
  5121 | D:5      | Entered Level 5 of the Dungeon
  5127 | D:5      | Found an opulent altar of Gozag.
  5216 | D:5      | Reached skill level 3 in Summonings
  5617 | D:5      | Reached XP level 7. HP: 38/46 MP: 3/13
  5819 | D:5      | Found a shimmering altar of Xom.
  5919 | D:5      | Got a slimy leather armour
  5930 | D:5      | Identified the cursed +1 leather armour of the Hart {Regen+
                  | Str+2 Int+4} (You found it on level 5 of the Dungeon)
  6007 | D:6      | Identified +0 steam dragon scales
  6007 | D:6      | Noticed Maggie
  6019 | D:6      | Killed Maggie
  6019 | D:6      | Reached skill level 4 in Summonings
  6019 | D:6      | Reached skill level 9 in Ice Magic
  6187 | D:4      | Bought a potion of stabbing for 48 gold pieces
  6418 | D:6      | Found a glowing golden altar of the Shining One.
  6418 | D:6      | Found a runed translucent door.
  6418 | D:6      | Noticed an angel
  6432 | D:6      | Reached XP level 8. HP: 52/52 MP: 2/14
  6628 | D:4      | Bought a potion of degeneration for 12 gold pieces
  6778 | D:6      | Reached skill level 10 in Ice Magic
  6815 | D:6      | Found a runed translucent door.
  6816 | D:6      | Noticed Crazy Yiuf
  6848 | D:6      | Killed Crazy Yiuf
  7032 | D:6      | Found a staircase to the Ecumenical Temple.
  7060 | Temple   | Entered the Ecumenical Temple
  7256 | Temple   | Became a worshipper of Vehumet
  7352 | D:6      | Noticed SatoMori's ghost (novice HOMo)
  7353 | D:6      | Noticed a great orb of eyes
  7360 | D:6      | Found a runed translucent gate.
  7360 | D:6      | Found a runed translucent gate.
  7360 | D:6      | Found a runed translucent gate.
  7775 | D:7      | Reached skill level 11 in Ice Magic
  7779 | D:7      | Reached skill level 12 in Ice Magic
  7942 | D:7      | Found Fiptun's Armour Boutique.
  8029 | D:7      | HP: 5/52 [black bear (4)]
  8030 | D:7      | Reached XP level 9. HP: 5/57 MP: 12/15
  8068 | D:6      | HP: 5/57 [wight/+3 flail (9)]
  8068 | D:6      | HP: 2/57 [wight/+3 flail (3)]
  8070 | D:6      | Reached * piety under Vehumet
  8070 | D:6      | Offered knowledge of Foxfire by Vehumet.
  8226 | D:7      | Found a blossoming altar of Fedhas.
  8250 | D:7      | Reached skill level 13 in Ice Magic
  8258 | D:7      | Learned a level 4 spell: Hailstorm
  8336 | D:7      | Reached skill level 1 in Fighting
  8432 | D:7      | Noticed a hornet
  8443 | D:7      | Killed a hornet
  8443 | D:7      | Reached skill level 2 in Fighting
  8443 | D:7      | Reached skill level 1 in Conjurations
  8445 | D:7      | Reached skill level 3 in Dodging
  9098 | D:8      | Reached skill level 3 in Fighting
  9245 | D:8      | Reached skill level 2 in Conjurations
  9251 | D:8      | Reached skill level 4 in Dodging
  9619 | D:8      | Reached skill level 4 in Fighting
 10316 | D:9      | Found Vebaes's Weapon Emporium.
 10412 | D:9      | Offered knowledge of Sandblast by Vehumet.
 10412 | D:9      | Reached skill level 5 in Dodging
 10504 | D:9      | Found a shimmering blue altar of Sif Muna.
 10604 | D:9      | Found a hide-covered altar of Uskayaw.
 10630 | D:9      | Reached skill level 5 in Spellcasting
 10630 | D:9      | Reached skill level 3 in Conjurations
 10630 | D:9      | Reached XP level 10. HP: 62/73 MP: 11/17
 10712 | D:9      | Reached skill level 5 in Fighting
 11113 | D:10     | Entered Level 10 of the Dungeon
 11122 | D:10     | Noticed an unseen horror
 11129 | D:10     | Killed an unseen horror
 11147 | D:10     | Reached ** piety under Vehumet
 11165 | D:10     | Reached skill level 6 in Dodging
 11303 | D:10     | Reached skill level 6 in Fighting
 11439 | D:10     | Found a staircase to the Lair.
 11575 | D:10     | Noticed an unseen horror
 11584 | D:10     | Killed an unseen horror
 11584 | D:10     | Reached skill level 4 in Conjurations
 11732 | D:10     | Reached skill level 7 in Fighting
 11798 | D:10     | Reached skill level 7 in Dodging
 11819 | D:10     | Noticed an unseen horror
 11846 | D:10     | Killed an unseen horror
 11846 | D:10     | Reached skill level 6 in Spellcasting
 12044 | D:10     | Offered knowledge of Ignite Poison by Vehumet.
 12045 | D:10     | Noticed Psyche
 12057 | D:10     | Killed Psyche
 12417 | Lair:1   | Entered Level 1 of the Lair of Beasts
 12437 | Lair:1   | Reached XP level 11. HP: 86/86 MP: 13/20
 12618 | Lair:1   | Reached skill level 8 in Fighting
 12619 | Lair:1   | Noticed an eight-headed hydra
 12627 | Lair:1   | Killed an eight-headed hydra
 12627 | Lair:1   | Reached skill level 1 in Staves
 12627 | Lair:1   | Reached skill level 8 in Dodging
 12627 | Lair:1   | Reached skill level 5 in Conjurations
 12856 | Lair:1   | Reached *** piety under Vehumet
 13288 | Lair:2   | Noticed a five-headed hydra
 13294 | Lair:2   | Killed a three-headed hydra
 13294 | Lair:2   | Reached skill level 2 in Staves
 13378 | Lair:2   | Noticed a seven-headed hydra
 13386 | Lair:2   | Killed a six-headed hydra
 13468 | Lair:2   | Reached skill level 9 in Fighting
 13862 | Lair:2   | Reached skill level 9 in Dodging
 13965 | Lair:2   | Reached skill level 3 in Staves
 14042 | Lair:2   | Noticed Erica
 14051 | Lair:2   | Killed Erica
 14051 | Lair:2   | Offered knowledge of Olgreb's Toxic Radiance by Vehumet.
 14051 | Lair:2   | Reached skill level 6 in Conjurations
 14070 | Lair:2   | Reached skill level 7 in Spellcasting
 14337 | Lair:3   | Upgraded the game from 0.25-a0-834-g55863b0b92 to
                  | 0.25-a0-842-g81a31cfd23
 14393 | Lair:3   | Reached skill level 10 in Fighting
 14481 | Lair:3   | Reached XP level 12. HP: 77/97 MP: 16/22
 14495 | Lair:3   | Identified a scroll of acquirement
 14757 | Lair:3   | Reached skill level 4 in Staves
 14833 | Lair:3   | Reached skill level 10 in Dodging
 14907 | Lair:3   | Found a staircase to the Swamp.
 15203 | Lair:4   | Noticed a seven-headed hydra
 15224 | Lair:4   | Killed a six-headed hydra
 15299 | Lair:4   | Noticed a six-headed hydra
 15306 | Lair:4   | Killed a six-headed hydra
 15460 | Lair:4   | Reached **** piety under Vehumet
 15484 | Lair:4   | Reached skill level 11 in Fighting
 15501 | Lair:4   | Reached skill level 5 in Staves
 15531 | Lair:4   | Offered knowledge of Stone Arrow by Vehumet.
 15660 | Lair:4   | Found a hole to the Spider Nest.
 15686 | Lair:4   | Reached skill level 8 in Spellcasting
 15805 | Lair:4   | Reached skill level 11 in Dodging
 15967 | Lair:4   | Noticed a six-headed hydra
 15982 | Lair:4   | Killed a six-headed hydra
 15990 | Lair:4   | Reached skill level 6 in Staves
 16397 | Lair:5   | Noticed Nessos
 16406 | Lair:5   | Noticed a four-headed hydra
 16420 | Lair:5   | Killed a four-headed hydra
 16420 | Lair:5   | Gained mutation: You can hop long distances. [Barachi
                  | growth]
 16420 | Lair:5   | Reached XP level 13. HP: 79/107 MP: 8/25
 16441 | Lair:5   | Killed Nessos
 16441 | Lair:5   | Reached skill level 12 in Fighting
 16441 | Lair:5   | Reached skill level 12 in Dodging
 16583 | Lair:5   | Reached skill level 7 in Staves
 16608 | Lair:5   | Reached ***** piety under Vehumet
 16611 | Lair:5   | Offered knowledge of Bolt of Magma by Vehumet.
 16617 | Lair:5   | Reached skill level 8 in Staves
 16768 | Lair:5   | Found a viscous altar of Jiyva.
 16768 | Lair:5   | Found a staircase to the Slime Pits.
 17063 | Lair:5   | Reached skill level 9 in Staves
 17239 | Lair:5   | Got a twisted hand crossbow
 17240 | Lair:5   | Identified the +7 hand crossbow "Apenanyi" {flame, rN+
                  | Str+4 Stlth-} (You found it on level 5 of the Lair of
                  | Beasts)
 17258 | Slime:1  | Entered Level 1 of the Pits of Slime
 17276 | Lair:6   | Entered Level 6 of the Lair of Beasts
 17295 | Lair:6   | Reached skill level 10 in Staves
 17303 | Lair:6   | HP: 10/108 [poisoned by a sea snake]
 17507 | Lair:6   | Slain by a sea snake

Vanquished Creatures
  Nessos (Lair:5)
  3 hydras
  Erica (Lair:2)
  A sea snake (Lair:6)
  3 unseen horrors (D:10)
  A lindwurm (Lair:4)
  2 harpies (Lair:6)
  An orb spider (Lair:4)
  6 elephants (Lair:5)
  Psyche (D:10)
  A black mamba (Lair:6)
  12 spiny frogs
  3 rime drakes
  Maggie (D:6)
  2 komodo dragons (Lair:4)
  A demonic crawler (Lair:2)
  A polar bear (Lair:5)
  A troll (D:10)
  8 blink frogs
  7 hippogriffs
  6 wyverns
  4 basilisks
  14 yaks
  4 vampire mosquitoes (Lair:3)
  3 swamp worms (Lair:2)
  11 water moccasins
  10 porcupines
  2 black bears
  An orc warrior (D:8)
  2 sky beasts (D:8)
  A phantom (D:8)
  2 ice beasts
  5 ogres
  9 wolves (Lair:4)
  3 centaurs
  2 big kobolds
  6 crocodiles
  8 bullfrogs
  A wyvern zombie (D:10)
  3 scorpions
  4 wights
  4 killer bees (D:7)
  5 howler monkeys
  3 crimson imps
  A centaur zombie (D:5)
  4 hounds
  7 orc wizards
  Crazy Yiuf (D:6)
  5 orc priests
  A gnoll shaman (D:10)
  3 jellies
  A centaur skeleton (D:4)
  An iguana (D:4)
  12 worker ants
  A hound zombie (D:8)
  7 gnolls
  10 adders
  An ooze (D:3)
  An adder skeleton (D:7)
  An adder zombie (D:5)
  3 worms
  2 dart slugs
  8 leopard geckos
  19 orcs
  5 bats
  7 giant cockroaches
  8 hobgoblins
  13 jackals
  17 kobolds
  2 quokkas
  2 ball pythons
  6 frilled lizards
  4 goblins
  A leopard gecko skeleton (D:6)
  A leopard gecko zombie (D:7)
  10 rats
  A fungus (Lair:5)
336 creatures vanquished.

Vanquished Creatures (collateral kills)
  4 hydras
  A rime drake (Lair:4)
  A hornet (D:7)
  A wyvern (Lair:4)
  A necrophage (D:6)
  A killer bee (D:7)
  4 wights
  A bullfrog zombie (D:7)
  An orc wizard (D:7)
  A leopard gecko (D:7)
  4 orcs (D:7)
20 creatures vanquished.

Vanquished Creatures (others)
  A giant cockroach (D:6)
  12 fungi
  4 plants
17 creatures vanquished.

Grand Total: 373 creatures vanquished
